[Event "Titled Tuesday Blitz July 13 2021"]
[White "Tomiello, Lucas Costamilan"]
[Black "Yeletsky, Ivan"]
[WhiteFideId "22701940"]
[BlackFideId "24180327"]
[WhiteElo "1945"]
[BlackElo "2344"]
[Result "0-1"]
[Round "03"]
[TimeControl "180+1"]
[Date "2021.07.13"]
[WhiteClock "0:00:18"]
[BlackClock "0:01:19"]

1. e4 c5 2. Nf3 d6 3. d4 cxd4 4. Nxd4 Nf6 5. Nc3 a6 6. h3 e5 7. Nde2 h5 8. Bg5 Be6 9. f4 Nbd7 10. f5 Bc4 11. Ng3 Rc8 12. Bxc4 Rxc4 13. Qd3 b5 14. O-O-O Be7 15. Bxf6 Nxf6 16. Rhe1 Qc7 17. Nf1 b4 18. Nd5 Nxd5 19. Qxd5 Rxc2+ 20. Kb1 O-O 21. Ne3 Rc5 22. Qd3 Bg5 23. Nd5 Qb7 24. Qf3 b3 25. axb3 Rb5 26. b4 g6 27. f6 Rxb4 28. Nxb4 Qxb4 29. Qc3 Qb6 30. Rf1 Rb8 31. Rd5 Be3 32. Rfd1 Bc5 33. g4 h4 34. g5 a5 35. Rxc5 dxc5 36. Rd5 c4 37. Qxa5 Qxb2# 0-1


[Site "https://www.chess.com"]

[Event "Titled Tuesday Blitz July 13 2021"]
[White "Tristan, Leonardo"]
[Black "Prraneeth Vuppala"]
[WhiteFideId "113816"]
[BlackFideId "46622373"]
[WhiteElo "2404"]
[BlackElo "1759"]
[Result "0-1"]
[Round "03"]
[TimeControl "180+1"]
[Date "2021.07.13"]
[WhiteClock "0:00:02"]
[BlackClock "0:00:11"]

1. d4 Nf6 2. Bg5 d5 3. Nd2 e6 4. e3 h6 5. Bh4 c5 6. c3 Nbd7 7. Bd3 e5 8. Ne2 Bd6 9. O-O O-O 10. e4 Qc7 11. Bxf6 Nxf6 12. dxe5 Bxe5 13. f4 Bd6 14. e5 c4 15. exf6 cxd3 16. Nd4 Bxf4 17. N2f3 d2 18. Kh1 Bg4 19. h3 Bh5 20. Nf5 gxf6 21. g4 Bg6 22. N3d4 Rfe8 23. Qf3 Be3 24. h4 Bxd4 25. cxd4 Bxf5 26. Qxf5 Re2 27. Rf2 Re1+ 28. Rf1 Rae8 29. Qxf6 Rxa1 0-1


[Site "https://www.chess.com"]

[Event "Titled Tuesday Blitz July 13 2021"]
[White "Tsvetkov, Andrey"]
[Black "Hoffmann, Asa"]
[WhiteFideId "34139360"]
[BlackFideId "2001470"]
[WhiteElo "2246"]
[BlackElo "2117"]
[Result "1-0"]
[Round "03"]
[TimeControl "180+1"]
[Date "2021.07.13"]
[WhiteClock "0:00:02"]
[BlackClock "0:00:01"]

1. d4 Nf6 2. c4 c5 3. d5 e5 4. Nc3 d6 5. e4 Be7 6. g3 O-O 7. Bg2 Na6 8. Nge2 Ne8 9. O-O Bd7 10. f4 Bf6 11. Be3 Nec7 12. a4 Nb4 13. Qd2 Qe7 14. b3 b6 15. Rae1 a6 16. f5 b5 17. g4 h6 18. Ng3 bxc4 19. bxc4 Bg5 20. Bxg5 Qxg5 21. Qe2 Ne8 22. Bf3 Nf6 23. Kg2 Nh7 24. Rh1 Qh4 25. a5 Rab8 26. Nd1 Ng5 27. Ne3 Qh3+ 28. Kf2 g6 29. Rb1 Qh4 30. Ng2 Nh3+ 31. Kf1 Qg5 32. Qe3 Nf4 33. h4 Nxg2 34. Qxg5 hxg5 35. Kxg2 gxh4 36. Rxh4 Nd3 37. Rbh1 Rb2+ 38. Ne2 Kg7 39. fxg6 Nf4+ 40. Kf2 Nxg6 41. Rh7+ Kf6 42. g5+ Ke7 43. R1h6 Rg8 44. Kf1 Rc2 45. Ng3 Rxc4 46. Nf5+ Bxf5 47. exf5 Rf4 48. Rxg6 Rxf3+ 49. Ke2 Rxg6 50. fxg6 Rg3 51. Rxf7+ Ke8 52. Rf6 Rxg5 53. Rxd6 c4 54. Rxa6 Kd7 55. Rc6 e4 56. a6 Rxd5 57. g7 Rg5 58. a7 Rxg7 59. a8=Q Re7 60. Qb7+ 1-0


[Site "https://www.chess.com"]

[Event "Titled Tuesday Blitz July 13 2021"]
[White "Turzo, Attila"]
[Black "Onyshchuk, Volodymyr"]
[WhiteFideId "704954"]
[BlackFideId "14114038"]
[WhiteElo "2437"]
[BlackElo "2603"]
[Result "0-1"]
[Round "03"]
[TimeControl "180+1"]
[Date "2021.07.13"]
[WhiteClock "0:00:12"]
[BlackClock "0:00:27"]

1. d4 d6 2. e4 Nf6 3. Nc3 g6 4. Nf3 Bg7 5. h3 O-O 6. Be3 d5 7. exd5 Nxd5 8. Nxd5 Qxd5 9. Qd2 c5 10. c3 cxd4 11. Bxd4 Bxd4 12. Qxd4 Be6 13. Qxd5 Bxd5 14. Be2 Nc6 15. O-O Rfd8 16. Rfd1 e5 17. Nd2 f6 18. Nc4 Kf7 19. Ne3 Be6 20. Bc4 f5 21. Kf1 f4 22. Bxe6+ Kxe6 23. Nc4 e4 24. Ke2 h5 25. h4 b5 26. Na3 a6 27. Nc2 Kf5 28. g3 f3+ 29. Ke1 Ne5 30. Ne3+ Ke6 31. b3 Nd3+ 32. Kf1 Rac8 33. c4 Ke5 34. Rd2 Nb4 35. Rad1 Rxd2 36. Rxd2 Nd3 37. Rc2 b4 38. Rd2 Kd4 39. Nd1 a5 40. a3 a4 41. axb4 axb3 42. c5 Kc4 43. Ne3+ Kxb4 44. Nd5+ Ka3 45. Rd1 b2 46. Nc3 Rxc5 47. Nxe4 Rc1 0-1


[Site "https://www.chess.com"]

[Event "Titled Tuesday Blitz July 13 2021"]
[White "Vasquez Schroeder, Rodrigo"]
[Black "Luo, Terry"]
[WhiteFideId "3400042"]
[BlackFideId "30931045"]
[WhiteElo "2572"]
[BlackElo "2024"]
[Result "1-0"]
[Round "03"]
[TimeControl "180+1"]
[Date "2021.07.13"]
[WhiteClock "0:00:46"]
[BlackClock "0:00:02"]

1. e4 c5 2. Nf3 d6 3. d4 cxd4 4. Nxd4 Nf6 5. Nc3 Nc6 6. Bg5 e6 7. Qd2 a6 8. O-O-O Bd7 9. f4 Be7 10. Nf3 b5 11. Bxf6 gxf6 12. f5 Qb6 13. Kb1 O-O-O 14. fxe6 fxe6 15. Ne2 Kb8 16. Nf4 Rc8 17. g3 Rhd8 18. Be2 Bf8 19. Nh5 Be7 20. Rhf1 Ne5 21. Nd4 Nc4 22. Bxc4 Rxc4 23. Nxf6 Bxf6 24. Rxf6 Rdc8 25. b3 Rc3 26. Rf3 b4 27. Rxc3 bxc3 28. Qe3 Qa5 29. Nf3 Qa3 30. Qc1 Qb4 31. Rd4 Qc5 32. a4 Bc6 33. Qe1 Bb7 34. Rc4 Qa5 35. Rxc8+ Kxc8 36. Nd4 Qb4 37. Qe3 e5 38. Ne2 Bxe4 39. Qxc3+ Qxc3 40. Nxc3 Bf3 41. Kc1 Kc7 42. Kd2 d5 43. Ne2 Kc6 44. c3 a5 45. Ke3 Bg4 46. Kd2 Kc5 47. Nc1 Bf5 48. Nd3+ Kc6 49. Ke3 Kd6 50. h4 h6 51. Kd2 Be4 52. Nf2 Bf5 53. g4 Bg6 54. b4 axb4 55. cxb4 d4 56. a5 e4 57. Nd1 Kd5 58. a6 Kc6 59. Nb2 Kb6 60. b5 Be8 61. Nc4+ Ka7 62. Nd6 Bg6 63. h5 Bh7 64. Nc8+ Kb8 65. Nb6 e3+ 66. Ke2 Ka7 67. Nc8+ Kb8 68. Nd6 Bc2 69. Nf5 Ba4 70. Nxd4 Ka7 71. Kxe3 Kb6 1-0


[Site "https://www.chess.com"]

[Event "Titled Tuesday Blitz July 13 2021"]
[White "Vovk, Orest"]
[Black "Concio, Michael Jr."]
[WhiteFideId "14113490"]
[BlackFideId "5217873"]
[WhiteElo "2203"]
[BlackElo "1896"]
[Result "1-0"]
[Round "03"]
[TimeControl "180+1"]
[Date "2021.07.13"]
[WhiteClock "0:00:07"]
[BlackClock "0:00:07"]

1. g4 d5 2. Bg2 c6 3. h3 h5 4. g5 e5 5. d4 e4 6. c4 h4 7. Nc3 Be7 8. Qb3 Bxg5 9. f4 exf3 10. Nxf3 Bxc1 11. Rxc1 Nf6 12. O-O O-O 13. Nxh4 dxc4 14. Qxc4 Be6 15. Qd3 Nbd7 16. Rcd1 Re8 17. e4 Qb6 18. b3 Rad8 19. Qe3 Qa5 20. Kh1 Qh5 21. Qg3 g5 22. Nf5 Nf8 23. Nd6 Qg6 24. Nxe8 Rxe8 25. d5 cxd5 26. Nxd5 Nh5 27. Qf3 Nd7 28. Nc7 Ne5 29. Qc3 Rc8 30. Qxe5 1-0


[Site "https://www.chess.com"]

[Event "Titled Tuesday Blitz July 13 2021"]
[White "Wagner, Dennis"]
[Black "Flores Quillas, Diego Saul Rodri"]
[WhiteFideId "24650684"]
[BlackFideId "3822508"]
[WhiteElo "2355"]
[BlackElo "2071"]
[Result "0-1"]
[Round "03"]
[TimeControl "180+1"]
[Date "2021.07.13"]
[WhiteClock "0:00:03"]
[BlackClock "0:01:05"]

1. e4 c5 2. Nf3 e6 3. d4 cxd4 4. Nxd4 Nf6 5. Nc3 d6 6. g4 h6 7. h3 a6 8. Bg2 Qc7 9. Be3 g5 10. Qd2 Nbd7 11. f4 gxf4 12. Bxf4 Ne5 13. O-O-O Nc4 14. Qe2 e5 15. Nd5 Nxd5 16. exd5 Be7 17. Nc6 bxc6 18. Qxc4 exf4 19. dxc6 Be6 20. Qa4 O-O 21. h4 Bf6 22. Qxf4 Bg7 23. g5 Rab8 24. c3 Qa5 25. a3 Bxc3 26. gxh6 Bxb2+ 27. Kc2 Qc3+ 0-1


[Site "https://www.chess.com"]

[Event "Titled Tuesday Blitz July 13 2021"]
[White "Willow, Jonah B"]
[Black "German, Sergio"]
[WhiteFideId "438804"]
[BlackFideId "105104"]
[WhiteElo "2261"]
[BlackElo "2414"]
[Result "1-0"]
[Round "03"]
[TimeControl "180+1"]
[Date "2021.07.13"]
[WhiteClock "0:00:57"]
[BlackClock "0:00:01"]

1. e4 e5 2. Nf3 Nc6 3. Nc3 Nf6 4. Bb5 Nd4 5. Bc4 Bc5 6. d3 d6 7. Na4 Bg4 8. Nxc5 Bxf3 9. gxf3 dxc5 10. c3 Ne6 11. Rg1 O-O 12. Be3 Qd6 13. Qb3 b6 14. O-O-O Rfe8 15. Rg3 a6 16. Rdg1 g6 17. h4 b5 18. Bxe6 Rxe6 19. Rg5 Qxd3 20. Rd1 Qe2 21. Rg3 Rd6 22. Bxc5 Rxd1+ 23. Qxd1 Qxd1+ 24. Kxd1 Rd8+ 25. Kc2 Nh5 26. Rg5 f6 27. Rg1 Nf4 28. Be3 Nh5 29. a4 Kf7 30. axb5 axb5 31. Ra1 f5 32. Ra7 Rd7 33. Rb7 Nf6 34. Rxb5 Ke6 35. Bg5 Rf7 36. Rc5 fxe4 37. Rc6+ Kf5 38. Rxf6+ Rxf6 39. Bxf6 exf3 40. Bd8 c6 41. Kd2 Ke4 42. b4 h6 43. Be7 Kf4 44. c4 e4 45. b5 e3+ 46. fxe3+ Kg3 47. b6 f2 48. b7 f1=Q 49. b8=Q+ Kg2 50. Qf4 Qxf4 51. exf4 Kg3 52. Ke3 1-0


[Site "https://www.chess.com"]

[Event "Titled Tuesday Blitz July 13 2021"]
[White "Wong, Yinn Long"]
[Black "Matinian, Nikita"]
[WhiteFideId "5707684"]
[BlackFideId "24129100"]
[WhiteElo "2016"]
[BlackElo "2410"]
[Result "0-1"]
[Round "03"]
[TimeControl "180+1"]
[Date "2021.07.13"]
[WhiteClock "0:00:02"]
[BlackClock "0:00:39"]

1. d4 d6 2. e4 g6 3. Nc3 a6 4. a4 Bg7 5. Nf3 Nc6 6. Be2 Bg4 7. d5 Bxf3 8. Bxf3 Nd4 9. Be3 Nxf3+ 10. Qxf3 Nf6 11. a5 O-O 12. O-O Rc8 13. Rfd1 Qd7 14. Bd4 c6 15. Na4 Qg4 16. Qxg4 Nxg4 17. Nb6 Rc7 18. Bxg7 Kxg7 19. h3 Nf6 20. dxc6 Rxc6 21. c4 Nxe4 22. Re1 Nc5 23. b4 Ne6 24. b5 Rc7 25. Reb1 Nf4 26. Kf1 h5 27. Ra3 h4 28. Rf3 g5 29. Rfb3 f5 30. f3 Rd8 31. Rb4 Rc5 32. Na4 Rc7 33. Nb6 Kf7 34. R4b3 Rg8 35. Kf2 e6 36. Rd1 Ke7 37. bxa6 bxa6 38. Rb4 e5 39. Rb3 g4 40. fxg4 fxg4 41. Rg1 Ke6 42. hxg4 Rxg4 43. Re3 Rcg7 44. Rh1 Rxg2+ 45. Kf3 R7g3+ 46. Ke4 Rg4 47. Kf3 h3 48. c5 d5 49. c6 R4g3# 0-1


[Site "https://www.chess.com"]

[Event "Titled Tuesday Blitz July 13 2021"]
[White "Yanchenko, Roman"]
[Black "Estrada Nieto, Julian"]
[WhiteFideId "4137329"]
[BlackFideId "5101018"]
[WhiteElo "2514"]
[BlackElo "2270"]
[Result "1-0"]
[Round "03"]
[TimeControl "180+1"]
[Date "2021.07.13"]
[WhiteClock "0:00:18"]
[BlackClock "0:00:11"]

1. d4 d5 2. c4 dxc4 3. Nc3 a6 4. Nf3 Nf6 5. Bg5 Bg4 6. a4 Nc6 7. e3 Na5 8. h3 Bxf3 9. Qxf3 e6 10. Be2 Be7 11. O-O O-O 12. Bxf6 Bxf6 13. Rad1 c6 14. Ne4 Be7 15. Nd2 Qb6 16. Nxc4 Nxc4 17. Bxc4 Qxb2 18. Rb1 Qc2 19. Rxb7 Qxc4 20. Rxe7 Qxa4 21. Rb1 Qa2 22. Rbb7 Qd5 23. Rxf7 Qg5 24. Rxf8+ Rxf8 25. Qxc6 Qf6 26. f4 a5 27. Rb5 a4 28. Ra5 Qg6 29. Rxa4 Rb8 30. Kh2 h6 31. d5 h5 32. Qxe6+ Qxe6 33. dxe6 Re8 34. f5 g6 35. e4 gxf5 36. exf5 Kg7 37. g4 Kf6 38. Kg3 hxg4 39. hxg4 Rb8 40. Kf4 Rc8 41. g5+ 1-0


[Site "https://www.chess.com"]

[Event "Titled Tuesday Blitz July 13 2021"]
[White "Yoo, Christopher Woojin"]
[Black "Matveev, Vladimir"]
[WhiteFideId "30909694"]
[BlackFideId "24130753"]
[WhiteElo "2105"]
[BlackElo "2354"]
[Result "1-0"]
[Round "03"]
[TimeControl "180+1"]
[Date "2021.07.13"]
[WhiteClock "0:01:16"]
[BlackClock "0:01:51"]

1. e4 c5 2. Nc3 d6 3. Bb5+ Nd7 4. d4 cxd4 5. Qxd4 e5 6. Qd3 a6 7. Bxd7+ Bxd7 8. Be3 Be6 9. Nd5 Bxd5 10. Qxd5 Nf6 11. Qxb7 Be7 12. Qc6+ Nd7 13. Ne2 O-O 14. Nc3 Nf6 15. O-O Qb8 16. Rab1 Rc8 17. Qa4 Qb7 18. Rfd1 Rab8 19. Nd5 Nxd5 20. Rxd5 Qb4 21. Qxb4 Rxb4 22. c3 Rxc3 23. Bd2 Rcc4 24. Bxb4 Rxb4 25. f3 1-0


[Site "https://www.chess.com"]

[Event "Titled Tuesday Blitz July 13 2021"]
[White "Yuan, Qingyu"]
[Black "Bouchet, Sebastien"]
[WhiteFideId "8609772"]
[BlackFideId "623571"]
[WhiteElo "2359"]
[BlackElo "2420"]
[Result "1-0"]
[Round "03"]
[TimeControl "180+1"]
[Date "2021.07.13"]
[WhiteClock "0:01:37"]
[BlackClock "0:01:39"]

1. e4 c5 2. Nf3 g6 3. c3 Bg7 4. d4 cxd4 5. cxd4 d5 6. e5 Bg4 7. Bb5+ Nc6 8. Nbd2 Qb6 9. Bxc6+ Qxc6 10. O-O Nh6 11. h3 Bxf3 12. Nxf3 O-O 13. Bf4 Qb6 14. Qd2 g5 15. Bxg5 Nf5 16. Qf4 e6 17. g4 h6 18. Bf6 1-0


[Site "https://www.chess.com"]

[Event "Titled Tuesday Blitz July 13 2021"]
[White "Zia, Tahsin Tajwar"]
[Black "Sydoryka, Vladyslav"]
[WhiteFideId "10211888"]
[BlackFideId "14145928"]
[WhiteElo "1800"]
[BlackElo "2200"]
[Result "0-1"]
[Round "03"]
[TimeControl "180+1"]
[Date "2021.07.13"]
[WhiteClock "0:00:06"]
[BlackClock "0:01:18"]

1. d4 Nf6 2. Bf4 d5 3. e3 c5 4. Nf3 Nc6 5. Nbd2 cxd4 6. exd4 Bg4 7. Bb5 e6 8. c4 dxc4 9. Qa4 Bxf3 10. Nxf3 Rc8 11. O-O Nd5 12. Bg5 Be7 13. Bxe7 Nxe7 14. Qxa7 O-O 15. Bxc6 Rxc6 16. Qxb7 Rb6 17. Qe4 Rxb2 18. Rfc1 Nf5 19. Rxc4 Nd6 20. Qc6 Nxc4 21. Qxc4 Qa5 22. h4 h6 23. a4 Rfb8 24. Ne5 Qd2 25. Rf1 Rb1 26. a5 Rxf1+ 27. Qxf1 Rc8 28. a6 Rc1 29. a7 Rxf1+ 0-1


[Site "https://www.chess.com"]

[Event "Titled Tuesday Blitz July 13 2021"]
[White "AleksanderHnydiuk"]
[Black "Shuvalov, Evgenij"]
[BlackFideId "4187237"]
[WhiteElo "2594"]
[BlackElo "2163"]
[Result "1-0"]
[Round "04"]
[TimeControl "180+1"]
[Date "2021.07.13"]
[WhiteClock "0:00:08"]
[BlackClock "0:00:05"]

1. Nf3 Nf6 2. c4 c6 3. g3 d5 4. b3 g6 5. Bb2 Bg7 6. Bg2 Qb6 7. Qc2 O-O 8. O-O Bf5 9. d3 Nbd7 10. Nbd2 a5 11. h3 Nb8 12. e4 dxe4 13. dxe4 Bc8 14. c5 Qa7 15. Rac1 Na6 16. Bd4 Nd7 17. Bxg7 Kxg7 18. Qc3+ Kg8 19. Qxa5 Naxc5 20. Qc3 Ne6 21. h4 Nf6 22. Rfe1 Ng4 23. Re2 Qxa2 24. h5 Qa5 25. hxg6 hxg6 26. b4 Qh5 27. Nc4 f6 28. Rd2 Kf7 29. Nb6 Rb8 30. Qc4 Rh8 31. Kf1 g5 32. Rcd1 Nh2+ 33. Nxh2 Qxh2 34. Bf3 g4 35. Bxg4 Qh1+ 36. Ke2 Qg2 37. Nxc8 Rbxc8 38. Bxe6+ Kg7 39. Bxc8 Rxc8 40. Qe6 Re8 41. Rd7 Kf8 42. Rd8 c5 43. Rxe8+ Kxe8 44. Qg8# 1-0


[Site "https://www.chess.com"]

[Event "Titled Tuesday Blitz July 13 2021"]
[White "Atanasov, Anthony"]
[Black "Khusnutdinov, Rustam"]
[WhiteFideId "2623897"]
[BlackFideId "13701703"]
[WhiteElo "1889"]
[BlackElo "2571"]
[Result "0-1"]
[Round "04"]
[TimeControl "180+1"]
[Date "2021.07.13"]
[WhiteClock "0:00:01"]
[BlackClock "0:00:16"]

1. d4 d5 2. Bf4 e6 3. e3 c5 4. Nf3 Bd6 5. c3 Nc6 6. Bg3 Qc7 7. dxc5 Bxg3 8. hxg3 Nf6 9. Nbd2 e5 10. Qa4 Bd7 11. Qh4 Ne7 12. b4 Nf5 13. Qh2 a5 14. Be2 Ng4 15. Qh5 Nf6 16. Qh2 h5 17. Ng5 b6 18. g4 Ne7 19. gxh5 bxc5 20. bxc5 a4 21. Rb1 Ra5 22. O-O Rxc5 23. c4 dxc4 24. Nge4 Nxe4 25. Nxe4 Rc6 26. Rfc1 Bf5 27. Bf3 c3 28. Rb7 Qxb7 29. Nd6+ Rxd6 30. Bxb7 c2 31. Bf3 Rb6 32. Qxe5 Rb1 33. Bc6+ Kf8 34. Kh2 Rxh5+ 35. Kg3 Rxc1 36. Qb8+ Nc8 37. Qb4+ Kg8 38. Be4 Rb1 39. Qc3 c1=Q 40. Qxc1 Rxc1 41. Bxf5 Rxf5 0-1


[Site "https://www.chess.com"]

[Event "Titled Tuesday Blitz July 13 2021"]
[White "Bernadskiy, Vitaliy"]
[Black "Markidis, Konstantinos"]
[WhiteFideId "14100371"]
[BlackFideId "4203500"]
[WhiteElo "2510"]
[BlackElo "2304"]
[Result "1-0"]
[Round "04"]
[TimeControl "180+1"]
[Date "2021.07.13"]
[WhiteClock "0:01:17"]
[BlackClock "0:00:02"]

1. d4 Nf6 2. c4 e6 3. Nc3 Bb4 4. Qc2 O-O 5. a3 Bxc3+ 6. Qxc3 d6 7. Bg5 Nbd7 8. e3 h6 9. Bh4 Re8 10. Nf3 b6 11. Be2 Bb7 12. Qc2 Be4 13. Qd2 c5 14. O-O Qc7 15. Bg3 e5 16. Rfd1 Rad8 17. b4 exd4 18. exd4 cxb4 19. axb4 Bxf3 20. Bxf3 Ne4 21. Bxe4 Rxe4 22. c5 bxc5 23. dxc5 Nf6 24. Bxd6 Qb7 25. Rab1 Qb5 26. h3 Ne8 27. Qc3 Rc4 28. Qe3 Nxd6 29. cxd6 Rxb4 30. Rxb4 Qxb4 31. Qe7 Qb6 32. d7 Qf6 33. Qe8+ Kh7 34. Re1 Qb6 35. Qxf7 Qd6 36. Re7 Qg6 37. Qe8 Rxd7 38. Qxg6+ Kxg6 39. Rxd7 1-0


[Site "https://www.chess.com"]

[Event "Titled Tuesday Blitz July 13 2021"]
[White "Bersamina, Paulo"]
[Black "Boidiya, Sidi"]
[WhiteFideId "5206995"]
[BlackFideId "19600100"]
[WhiteElo "2349"]
[BlackElo "2113"]
[Result "0-1"]
[Round "04"]
[TimeControl "180+1"]
[Date "2021.07.13"]
[WhiteClock "0:01:05"]
[BlackClock "0:01:31"]

1. e4 c5 2. Nf3 e6 3. g3 Nc6 4. Bg2 Nf6 5. Qe2 d6 6. O-O Be7 7. c3 Qc7 8. d4 b6 9. e5 dxe5 10. dxe5 Nd7 11. Bf4 Bb7 12. h4 h6 13. h5 O-O-O 14. Na3 a6 15. Nc4 Kb8 16. a4 Ka7 17. Nd6 Rhf8 18. Nb5+ axb5 19. axb5+ Kb8 20. bxc6 Bxc6 21. Qa6 Qb7 22. Nd2 Bxg2 23. Qxb7+ Bxb7 24. Nc4 Kc7 25. Rfd1 Ra8 26. Rxd7+ Kxd7 27. Nxb6+ Kc6 28. Nxa8 Rxa8 29. Rd1 Rd8 30. Ra1 Bg5 31. Bxg5 hxg5 32. Kg2 Kc7+ 33. Kh3 Rd2 34. Kg4 Rxf2 35. Kxg5 Rxb2 36. Rf1 Rg2 37. Rxf7+ Kb6 38. Kh4 Be4 39. Rxg7 Kb5 40. Kh3 Rc2 41. h6 Rxc3 42. h7 Rc1 43. Kg4 Rh1 44. Kf4 Bxh7 45. Re7 Bf5 46. g4 Rh4 0-1


[Site "https://www.chess.com"]

[Event "Titled Tuesday Blitz July 13 2021"]
[White "Bilych, Olexiy"]
[Black "Bortnyk, Olexandr"]
[WhiteFideId "14156504"]
[BlackFideId "14120828"]
[WhiteElo "2246"]
[BlackElo "2723"]
[Result "1/2-1/2"]
[Round "04"]
[TimeControl "180+1"]
[Date "2021.07.13"]
[WhiteClock "0:00:25"]
[BlackClock "0:00:11"]

1. e4 Nf6 2. e5 Nd5 3. c4 Nb6 4. d4 d6 5. exd6 cxd6 6. Nc3 g6 7. Be3 Bg7 8. Rc1 Bf5 9. b3 O-O 10. g4 Bd7 11. Bg2 Nc6 12. d5 Ne5 13. h3 f5 14. f4 Nf7 15. g5 Re8 16. Nge2 e5 17. dxe6 Rxe6 18. Bd4 Bc6 19. O-O Bxg2 20. Kxg2 h6 21. Bxg7 Kxg7 22. Nd4 Re3 23. Qd2 Qe7 24. Rce1 Re8 25. Kf2 Rxe1 26. Rxe1 Qxe1+ 27. Qxe1 Rxe1 28. gxh6+ Kxh6 29. Kxe1 a6 30. Kf2 Nd7 31. b4 Nb6 32. c5 dxc5 33. bxc5 Nc4 34. a4 Kh5 35. Kg3 Nd8 36. Nd5 Nd2 37. Nf6+ Kh6 38. h4 Kg7 39. Ne8+ Kf8 40. Nd6 Ke7 41. h5 gxh5 42. N4xf5+ Ke6 43. Ne3 b6 44. f5+ Ke5 45. Ndc4+ Nxc4 46. Nxc4+ Kxf5 47. cxb6 Nb7 48. Kh4 Ke4 49. Kxh5 Kd4 50. Nd2 Kc3 51. Ne4+ Kb4 52. Kg4 Kxa4 53. Kf3 Kb3 54. Ke2 a5 55. Kd1 Kb2 56. Nd2 a4 57. Nc4+ Kb3 58. Nd2+ Kb2 59. Nc4+ Kc3 60. Na3 Kb4 61. Nc2+ Kb5 62. Kc1 Kxb6 63. Kb2 Kb5 64. Na3+ Ka5 65. Nc4+ Kb4 66. Nb6 a3+ 67. Ka2 Nd6 68. Nd5+ Ka4 69. Nc3+ Kb4 70. Nd5+ Ka4 71. Nc3+ Kb4 72. Nb1 Nb5 73. Nxa3 1/2-1/2


[Site "https://www.chess.com"]

[Event "Titled Tuesday Blitz July 13 2021"]
[White "Bugayev, Vladimir"]
[Black "Stoyanov, Tsvetan"]
[WhiteFideId "30901480"]
[BlackFideId "2917173"]
[WhiteElo "2343"]
[BlackElo "2198"]
[Result "0-1"]
[Round "04"]
[TimeControl "180+1"]
[Date "2021.07.13"]
[WhiteClock "0:00:40"]
[BlackClock "0:01:22"]

1. e4 e5 2. Nf3 Nc6 3. d4 exd4 4. Nxd4 Nf6 5. Nxc6 bxc6 6. e5 Qe7 7. Qe2 Nd5 8. h4 a5 9. c4 Ba6 10. g3 h6 11. a3 Nb6 12. Qe4 d5 13. cxd5 cxd5 14. Qf4 Bxf1 15. Kxf1 Qe6 16. Nc3 Qc6 17. Kg2 Bc5 18. Re1 O-O 19. Kh2 Rad8 20. Bd2 Nc4 21. Qg4 Nxd2 0-1


[Site "https://www.chess.com"]

[Event "Titled Tuesday Blitz July 13 2021"]
[White "Buscar, Michael"]
[Black "Siniauski, Artsiom"]
[WhiteFideId "2603616"]
[BlackFideId "13512269"]
[WhiteElo "2010"]
[BlackElo "2210"]
[Result "0-1"]
[Round "04"]
[TimeControl "180+1"]
[Date "2021.07.13"]
[WhiteClock "0:00:07"]
[BlackClock "0:00:45"]

1. d4 Nf6 2. c4 e6 3. Nc3 Bb4 4. e3 c5 5. Bd3 cxd4 6. exd4 d5 7. Nf3 O-O 8. O-O dxc4 9. Bxc4 Nc6 10. Bd3 h6 11. Bc2 Ne7 12. Qd3 Bxc3 13. bxc3 b6 14. Ba3 Bb7 15. Ne5 Be4 16. Qe2 Bxc2 17. Qxc2 Re8 18. Rfd1 Rc8 19. Rac1 Nf5 20. Qa4 Qc7 21. h3 Red8 22. Rd3 Ne4 23. Qb3 Ned6 24. c4 Ne4 25. c5 Nxd4 26. Rxd4 Rxd4 27. Nf3 Rdd8 28. cxb6 Qxb6 29. Rxc8 Rxc8 30. Qd3 Qxf2+ 31. Kh2 Rc2 32. Nh4 Qf4+ 33. Kg1 Rd2 0-1


[Site "https://www.chess.com"]

[Event "Titled Tuesday Blitz July 13 2021"]
[White "Costachi, Mihnea"]
[Black "Patrascu, Catalin-Lucian"]
[WhiteFideId "1217518"]
[BlackFideId "1229052"]
[WhiteElo "2482"]
[BlackElo "2120"]
[Result "1-0"]
[Round "04"]
[TimeControl "180+1"]
[Date "2021.07.13"]
[WhiteClock "0:01:12"]
[BlackClock "0:00:01"]

1. e4 e5 2. Nf3 Nc6 3. c3 Nf6 4. d4 exd4 5. e5 Ne4 6. Qe2 d5 7. exd6 f5 8. Nxd4 Nxd4 9. cxd4 Kf7 10. Qc4+ Kg6 11. dxc7 Qh4 12. g3 Nxg3 13. Rg1 Qe4+ 14. Be2 Bb4+ 15. Nc3 Bxc3+ 16. bxc3 f4 17. hxg3 f3 18. Qd3 Re8 19. Be3 fxe2 20. Qxe4+ Rxe4 21. Kxe2 Bg4+ 22. f3 Rae8 23. Kd2 Rxe3 24. fxg4 Re2+ 25. Kd3 R2e3+ 26. Kc2 Rc8 27. Rae1 Rxe1 28. Rxe1 Rxc7 29. Re5 Rf7 30. Kd3 Rf3+ 31. Re3 Rf2 32. a4 Kf6 33. Kc4 Ra2 34. Kb3 Rd2 35. a5 Kf7 36. Kc4 Ra2 37. Kb4 Rb2+ 38. Kc5 Ra2 39. Kd6 Rxa5 40. Re7+ Kf6 41. Rxb7 Ra3 42. Rc7 a5 43. d5 Rb3 44. Kd7 a4 45. d6 a3 46. Kc8 a2 47. d7 a1=Q 48. d8=Q+ Kg6 49. Rc6+ Kf7 50. Qd5+ Kf8 51. Qxb3 Qa8+ 52. Kc7 Qa5+ 53. Kd7 1-0


[Site "https://www.chess.com"]

[Event "Titled Tuesday Blitz July 13 2021"]
[White "Cunha, Lucas Aguiar"]
[Black "Novoselski, Zoran"]
[WhiteFideId "2125404"]
[BlackFideId "901970"]
[WhiteElo "2361"]
[BlackElo "2327"]
[Result "1-0"]
[Round "04"]
[TimeControl "180+1"]
[Date "2021.07.13"]
[WhiteClock "0:01:17"]
[BlackClock "0:00:59"]

1. e4 d6 2. d4 Nf6 3. Nc3 e5 4. Nf3 Nbd7 5. Bc4 Be7 6. Ng5 O-O 7. Bxf7+ Rxf7 8. Ne6 Qe8 9. Nxc7 Qd8 10. Nxa8 b6 11. Nb5 Nxe4 12. Nac7 Nxf2 13. Qe2 Bb7 14. O-O Bh4 15. Be3 Nf8 16. Bxf2 Bxf2+ 17. Rxf2 Rxf2 18. Qxf2 a6 19. dxe5 axb5 20. Qxb6 Be4 21. exd6 Qf6 22. Rf1 Qg6 23. Rxf8+ Kxf8 24. Qb8+ Kf7 25. Qe8+ Kf6 26. Qe6+ Kg5 27. Qxg6+ 1-0


[Site "https://www.chess.com"]

[Event "Titled Tuesday Blitz July 13 2021"]
[White "Cunjalo, Faris"]
[Black "Madaminov, Mukhiddin"]
[WhiteFideId "14410710"]
[BlackFideId "14210703"]
[WhiteElo "2234"]
[BlackElo "1747"]
[Result "1-0"]
[Round "04"]
[TimeControl "180+1"]
[Date "2021.07.13"]
[WhiteClock "0:00:51"]
[BlackClock "0:00:19"]

1. c4 e5 2. g3 Nc6 3. Bg2 Bc5 4. Nc3 d6 5. e3 a6 6. Nf3 Nf6 7. d4 Ba7 8. h3 O-O 9. O-O Re8 10. dxe5 Nxe5 11. b3 Bf5 12. Nd4 Bd3 13. Re1 Bg6 14. Bxb7 Rb8 15. Bg2 Qd7 16. e4 Bxd4 17. Qxd4 Qxh3 18. Bg5 Qg4 19. Bxf6 gxf6 20. Nd5 Kg7 21. Re3 c6 22. Nc3 Rbd8 23. f4 Nd7 24. Qxd6 Ne5 25. Qc5 Nd3 26. Qxc6 Nxf4 27. gxf4 Rd2 28. e5 Qxf4 29. Qf3 Qd4 30. exf6+ Kf8 31. Re1 Rd3 32. Nd5 Be4 33. Qg3 Bg6 34. Kh2 Rdxe3 35. Rxe3 Rd8 36. Qc7 1-0


[Site "https://www.chess.com"]

[Event "Titled Tuesday Blitz July 13 2021"]
[White "Daianu, Cristian-Clement"]
[Black "Maghsoodloo, Parham"]
[WhiteFideId "1208926"]
[BlackFideId "12539929"]
[WhiteElo "2133"]
[BlackElo "2601"]
[Result "0-1"]
[Round "04"]
[TimeControl "180+1"]
[Date "2021.07.13"]
[WhiteClock "0:00:03"]
[BlackClock "0:01:00"]

1. e4 c5 2. Nf3 Nc6 3. d4 cxd4 4. Nxd4 Nf6 5. Nc3 g6 6. Be3 Bg7 7. Be2 a6 8. Qd2 h5 9. O-O-O d6 10. f3 Bd7 11. Kb1 Rc8 12. h4 Ne5 13. Bg5 b5 14. g4 hxg4 15. h5 Nxh5 16. fxg4 Bxg4 17. Nd5 Nc4 18. Qe1 Bxe2 19. Qxe2 Bxd4 20. Rxd4 f6 21. Bc1 Ne5 22. Bf4 Nf7 23. Rdd1 e6 24. Qg4 exd5 25. Qxg6 dxe4 26. Rxd6 Qe7 27. Rxh5 Rxh5 28. Qxh5 e3 29. Rd1 Qe4 30. Qh2 e2 0-1


[Site "https://www.chess.com"]